Map: Dusk Towers

Players

Miszu - Winner!

  • Race: Terran Terran
  • League: Master

Mazi

  • Race: Terran Terran
  • League: Master

VOD

Have the link to the VOD?

Description

Time

  • Played on: April 17, 2016, 2:47 p.m.
  • Length: 17:52
Show
View Real Time Build Order
Export as new Build Order

Miszu Terran - Winner!

Build Orders: 1/1/1, Bio Tank 

Get SALT Encoding   

  12  0:00  SCV  
  13  0:12  SCV  
  14  0:17  Supply Depot  
  14  0:24  SCV  
  15  0:34  Refinery  
  15  0:39  SCV  
  16  0:45  Barracks  
  16  0:51  SCV  
  17  0:59  Refinery  
  17  1:03  SCV  
  18  1:15  SCV  
  19  1:32  Orbital Command  
  19  1:33  Factory  
  19  1:39  Supply Depot  
  19  1:44  Reaper  
  20  1:59  SCV  
  21  2:12  SCV  
  21  2:17  Hellion, Reaper  
  21  2:18  Starport  
  24  2:26  Supply Depot  
  24  2:28  SCV  
  25  2:38  Hellion  
  25  2:40  SCV  
  28  2:52  Barracks Tech Lab, SCV  
  28  2:53  Supply Depot  
  29  3:01  Hellion  
  29  3:04  SCV  
  32  3:13  Banshee  
  36  3:23  Barracks Reactor  
  36  3:25  Factory Tech Lab  
  35  3:34  SCV  
  36  3:45  Command Center  
  36  3:46  SCV  
  31  3:56  Banshee  
  31  3:58  SCV  
  33  4:10  SCV  
  34  4:17  Command Center  
  34  4:22  SCV  
  35  4:29  Factory Tech Lab  
  35  4:39  SCV  
  35  4:43  Barracks  
  35  4:44  Barracks  
  36  4:49  Starport Reactor  
  36  4:51  SCV  
  37  4:53  Siege Tank  
  37  4:55  Marine x2  
  42  5:05  SCV  
  40  5:07  Orbital Command  
  40  5:17  SCV  
  41  5:29  Marine x2  
  41  5:30  SCV, Orbital Command  
  41  5:31  Combat Shields  
  41  5:32  Stimpack  
  41  5:36  SCV  
  41  5:38  Marine  
  41  5:41  Marine  
  41  5:42  SCV  
  45  5:47  Marine  
  45  5:48  Medivac, SCV  
  49  5:50  Medivac  
  49  5:54  Siege Tank, SCV  
  56  5:59  Orbital Command  
  56  6:01  Refinery  
  56  6:02  Refinery  
  56  6:03  Supply Depot  
  56  6:04  SCV  
  56  6:05  Marine  
  56  6:06  Marine  
  56  6:07  Marine  
  56  6:08  Marine  
  56  6:10  SCV  
  61  6:16  SCV  
  62  6:21  Medivac  
  62  6:22  SCV  
  62  6:23  Marine  
  62  6:24  Marine  
  67  6:28  SCV x2  
  69  6:34  SCV  
  69  6:36  Engineering Bay x2  
  69  6:38  Marine x2  
  72  6:40  SCV x2  
  72  6:41  Marine  
  72  6:42  Marine  
  72  6:46  SCV  
  77  6:47  Supply Depot  
  77  6:48  Siege Tank  
  77  6:52  SCV x2  
  82  6:55  Marine  
  82  6:58  SCV  
  82  7:00  Barracks  
  82  7:01  Barracks  
  84  7:04  SCV  
  84  7:06  Terran Infantry Armor Level 1  
  85  7:09  SCV  
  85  7:10  SCV  
  85  7:12  Supply Depot, Marine  
  85  7:13  Marine x2  
  85  7:14  Supply Depot  
  90  7:16  SCV  
  90  7:21  SCV  
  92  7:24  Marine  
  93  7:33  Marine, Medivac x2, SCV x3  
  93  7:35  Marine x2  
  103  7:38  Supply Depot  
  103  7:40  Supply Depot  
  103  7:42  Marine  
  104  7:44  Terran Infantry Weapons Level 1  
  104  7:45  SCV  
  104  7:47  Armory  
  104  7:49  Barracks Reactor x2  
  105  7:51  Marine  
  105  7:53  Marine x2  
  105  7:55  Refinery x2  
  108  8:00  Marine, Siege Tank  
  108  8:03  Factory, Medivac  
  113  8:09  Marine  
  113  8:11  Marine  
  110  8:15  Marine  
  110  8:16  Medivac  
  110  8:18  Marine  
  114  8:26  Marine x4  
  118  8:27  Marine  
  118  8:28  Supply Depot  
  118  8:29  Marine  
  118  8:30  Supply Depot, SCV x2  
  118  8:32  Marine, SCV  
  124  8:36  Marine  
  125  8:49  Factory Tech Lab  
  125  8:50  Marine x5, Siege Tank  
  125  8:51  Marine x2  
  125  8:52  Supply Depot  
  125  8:53  Supply Depot, Marine  
  125  8:54  Supply Depot  
  136  9:02  Medivac x2  
  140  9:07  Marine  
  141  9:13  Marine x5, Siege Tank  
  141  9:14  Marine x2, Sensor Tower  
  141  9:16  Sensor Tower  
  151  9:19  Supply Depot  
  151  9:20  Supply Depot  
  151  9:21  Supply Depot  
  151  9:24  Siege Tank  
  151  9:25  Marine  
  151  9:31  Marine x3  
  159  9:34  Marine  
  159  9:35  Marine, Medivac  
  164  9:40  Medivac  
  164  9:43  Terran Infantry Weapons Level 2  
  164  9:44  Terran Infantry Armor Level 2  
  164  9:47  Terran Vehicle Weapons Level 1  
  164  9:52  Marine  
  165  9:53  Marine x4  
  165  9:57  Marine  
  165  9:58  Marine x2  
  172  10:05  Medivac  
  174  10:07  Siege Tank  
  174  10:08  Siege Tank  
  174  10:10  Marine x3  
  174  10:11  Supply Depot  
  174  10:13  Supply Depot  
  183  10:14  Supply Depot  
  183  10:15  Marine  
  184  10:22  Marine  
  185  10:35  Marine x4  
  185  10:36  Marine x3  
  185  10:38  Medivac  
  185  10:41  Command Center  
  181  10:45  Siege Tank  
  181  10:47  Siege Tank  
  184  10:53  Marine  
  184  10:54  Marine x4  
  189  11:01  Marine  
  189  11:02  Marine x2  
  192  11:08  Medivac  
  194  11:11  Marine  
  194  11:12  Marine x4  
  199  11:19  Marine  
  199  11:21  SCV  
  199  11:23  Marine  
  199  11:24  Marine  
  164  11:29  Marine x5  
  143  11:36  Siege Tank  
  143  11:37  Marine  
  143  11:38  Siege Tank  
  150  11:41  Marine x2  
  150  11:47  Marine x3  
  119  12:05  Marine x2  
  119  12:06  Marine x6, Medivac  
  119  12:08  Siege Tank  
  132  12:12  Terran Infantry Weapons Level 3  
  132  12:17  Terran Infantry Armor Level 3  
  132  12:19  Planetary Fortress  
  132  12:23  Marine x3  
  132  12:24  Reaper  
  132  12:25  Siege Tank  
  132  12:27  Medivac  
  141  12:30  Marine x2  
  141  12:33  SCV  
  144  12:45  Marine  
  144  12:46  Marine x4  
  144  12:47  Marine, Siege Tank  
  144  12:48  Marine  
  154  12:52  Terran Vehicle Weapons Level 2  
  154  12:56  Marine  
  155  13:03  Marine  
  155  13:04  Marine x4  
  160  13:05  Marine  
  160  13:06  Marine  
  162  13:13  Marine  
  161  13:20  Medivac x2, Siege Tank x2  
  161  13:21  Marine x3  
  161  13:22  Marine x2  
  161  13:23  Marine  
  161  13:24  Marine  
  178  13:31  Marine  
  179  13:39  Marine x5  
  179  13:41  Marine x2  
  186  13:52  Siege Tank x2  
  196  14:02  Marine  
  192  14:03  Marine x7  
  192  14:08  Barracks  
  192  14:09  Barracks  
  200  14:10  Barracks  
  200  14:14  Sensor Tower  
  200  14:22  Command Center  
  200  14:28  Refinery x2  
  200  14:48  Barracks x2  
  200  14:58  Barracks Reactor x3  
  194  15:09  Marine x6, Refinery  
  194  15:10  Sensor Tower  
  194  15:12  Refinery  
  199  15:39  Barracks Reactor  
  182  15:58  Marine x9  
  182  15:59  Marine x5, Siege Tank  
  199  16:09  Planetary Fortress  
  199  16:16  Marine  
  150  16:33  Marine  
  150  16:36  Marine x8  
  150  16:37  Marine x5  
  154  16:40  Siege Tank x2  
  154  16:45  Barracks Reactor, Marine  
  158  16:47  Marine  
  158  16:51  Marine  
  158  16:54  Marine x13  
  173  17:03  Marine  
  173  17:05  Marine  
  175  17:09  Marine  
  175  17:11  Marine  
  175  17:12  Marine x7  
  175  17:13  Marine  
  175  17:14  Marine  
  175  17:15  Marine x2  
  163  17:16  Siege Tank  
  163  17:18  Medivac x2, Siege Tank  
  169  17:23  Marine x3  
  169  17:24  Marine x2  
  169  17:26  Marine  
  169  17:29  Marine  
  176  17:30  Marine x4  
  176  17:31  Marine  
  176  17:33  Marine  
Show
View Real Time Build Order
Export as new Build Order

Mazi Terran 

Build Orders:  

Get SALT Encoding   

  12  0:01  SCV  
  13  0:13  SCV  
  14  0:17  Supply Depot  
  14  0:25  SCV  
  15  0:39  SCV  
  16  0:43  Barracks  
  16  0:48  Refinery  
  16  0:51  SCV  
  17  1:03  SCV  
  18  1:15  SCV  
  19  1:30  Marine, Orbital Command  
  20  1:43  Command Center  
  20  1:48  Marine  
  21  1:56  Supply Depot  
  21  2:00  SCV  
  22  2:06  Marine  
  23  2:17  Bunker  
  23  2:18  SCV  
  24  2:22  Factory  
  24  2:24  Marine  
  25  2:30  SCV  
  25  2:32  Refinery  
  26  2:42  Marine, SCV  
  28  2:49  Supply Depot  
  28  2:54  SCV  
  28  2:57  Orbital Command  
  29  3:07  Factory Tech Lab  
  29  3:08  Starport  
  29  3:12  SCV  
  30  3:17  Marine  
  31  3:23  Engineering Bay  
  31  3:32  Siege Tank  
  34  3:40  SCV  
  35  3:44  Supply Depot  
  35  3:55  Viking  
  37  3:56  SCV  
  37  3:58  Missile Turret  
  38  4:03  SCV  
  38  4:08  SCV  
  40  4:13  Missile Turret  
  40  4:18  Missile Turret  
  40  4:19  SCV  
  40  4:23  SCV  
  45  4:31  Siege Tank, SCV  
  45  4:38  Viking  
  45  4:42  SCV  
  45  4:44  SCV  
  47  4:54  Barracks Reactor, SCV, Missile Turret  
  47  4:56  SCV  
  49  5:10  SCV x2  
  49  5:13  Command Center  
  51  5:17  Missile Turret  
  51  5:19  Supply Depot  
  51  5:26  SCV x2  
  51  5:38  Command Center  
  51  5:39  Marine, Siege Tank  
  51  5:40  Marine  
  56  5:43  Supply Depot, SCV  
  56  5:45  SCV  
  58  5:51  Medivac  
  58  5:55  Missile Turret  
  58  5:56  Supply Depot, SCV  
  61  6:10  Barracks  
  61  6:11  Barracks  
  61  6:16  Barracks  
  61  6:21  SCV  
  61  6:22  Missile Turret x2  
  62  6:25  Orbital Command  
  62  6:27  SCV  
  63  6:33  SCV  
  63  6:34  Supply Depot  
  63  6:37  Starport Reactor  
  63  6:39  SCV  
  65  6:42  Siege Tank  
  68  6:50  Orbital Command  
  68  6:55  SCV x3  
  68  7:01  Barracks Tech Lab x2  
  71  7:02  Barracks Reactor  
  71  7:06  Marine x2  
  71  7:08  Terran Infantry Weapons Level 1, Missile Turret  
  73  7:13  Medivac  
  73  7:14  Siege Tank  
  78  7:16  SCV  
  78  7:19  Stimpack  
  79  7:24  Marine x3  
  79  7:28  SCV  
  83  7:33  Refinery  
  83  7:34  Refinery  
  83  7:36  Marine  
  84  7:37  Sensor Tower  
  84  7:42  Marine x5  
  89  7:47  Orbital Command  
  89  7:48  Missile Turret  
  89  7:49  Missile Turret  
  89  7:50  Engineering Bay  
  89  7:51  Armory  
  89  7:54  Marine  
  90  7:59  Marine x2  
  90  8:04  SCV x3  
  81  8:17  Marine x2  
  81  8:18  Marine x3  
  81  8:19  Siege Tank  
  85  8:27  Marine  
  85  8:32  Barracks  
  85  8:33  Barracks  
  87  8:34  Factory, SCV  
  87  8:35  Marine  
  87  8:36  Combat Shields  
  87  8:40  Marine x4  
  92  8:45  Marine  
  92  8:46  SCV  
  94  8:50  Medivac  
  94  8:51  Siege Tank  
  94  8:53  Marine  
  100  8:58  Marine, Terran Infantry Armor Level 1  
  101  9:03  Terran Vehicle Weapons Level 1  
  101  9:04  Marine x4  
  105  9:17  SCV  
  105  9:20  Terran Infantry Weapons Level 2  
  106  9:25  Factory Tech Lab  
  106  9:29  Barracks Reactor, SCV  
  106  9:30  Marine x4  
  106  9:31  Marine x2  
  112  9:33  Barracks Reactor  
  111  9:44  Siege Tank  
  114  9:48  Marine x4  
  114  9:49  Marine x2  
  120  9:55  Siege Tank  
  120  9:56  SCV  
  124  10:00  Refinery  
  124  10:01  Refinery  
  124  10:12  Supply Depot x2  
  124  10:14  Supply Depot  
  124  10:33  Marine x10, Medivac x2, SCV  
  133  10:47  Siege Tank x2  
  139  10:51  Marine x6  
  145  10:58  Marine  
  145  10:59  Marine x2  
  148  11:05  Marine  
  148  11:07  Supply Depot  
  148  11:09  Marine x6  
  155  11:23  Marine x4  
  155  11:25  Orbital Command  
  123  11:26  Marine x6  
  117  11:40  Marine  
  117  11:41  Marine x3  
  117  11:43  Supply Depot  
  117  11:44  Marine x5  
  114  11:56  Marine  
  114  11:58  Marine x2  
  114  11:59  Marine, Sensor Tower  
  111  12:02  Marine x3  
  111  12:09  Marine x3  
  111  12:14  Marine  
  115  12:16  Marine x2  
  115  12:17  Terran Vehicle Weapons Level 2  
  115  12:19  Terran Infantry Weapons Level 3  
  115  12:20  Terran Infantry Armor Level 2  
  117  12:26  SCV  
  117  12:28  Marine x7  
  125  12:36  Refinery x2  
  125  12:38  SCV  
  125  12:39  Siege Tank x2  
  125  12:41  Medivac  
  134  12:45  Marine  
  134  12:46  Marine x2  
  137  12:53  Missile Turret  
  137  13:06  Marine x9  
  137  13:08  Command Center  
  137  13:11  Siege Tank x2  
  152  13:19  Marine  
  153  13:21  Barracks  
  153  13:22  Barracks  
  153  13:24  Marine x2  
  155  13:27  Marine x2, Missile Turret  
  155  13:29  Missile Turret  
  153  13:39  Marine  
  153  13:40  Marine x5  
  151  13:46  Siege Tank  
  154  14:01  Medivac  
  156  14:08  Supply Depot, Medivac  
  158  14:10  Supply Depot  
  158  14:11  Supply Depot, Barracks Reactor  
  158  14:12  Barracks Reactor  
  158  14:26  Marine x3  
  161  14:31  Medivac  
  161  14:38  Marine x7, Medivac  
  166  14:44  Marine  
  173  14:52  Terran Infantry Armor Level 3  
  173  15:15  Marine x6  
  173  15:16  Marine  
  174  15:30  Siege Tank x2  
  180  15:42  Marine x2  
  157  16:02  Marine, Sensor Tower, Siege Tank x2  
  164  16:13  Planetary Fortress  
  164  16:27  Marine x2  
  164  16:28  Marine x2  
  164  16:29  Marine x2  
  164  16:32  Marine x3  
  134  16:34  Siege Tank x2  
  126  16:43  Marine  
  124  16:53  Marine  
  124  16:54  Marine x8  
  125  17:01  Marine x4  
  134  17:06  Siege Tank x2  
  143  17:14  Marine x3  
  143  17:15  Marine x5  
  136  17:18  Marine x2  
  136  17:21  Marine  
Tags
 
Composition
Bio Tank
Matchup
TvT
Opening
1/1/1
Race
Terran
Add a new tag
Caveats
  • Supply blocks, unpowered buildings, or Contaminate may cause inaccurate times.
  • Supply counts are checked every 10 seconds.